 Dungeon Crawl Stone Soup version 0.23.2-1-ga50397a (webtiles) character file.

Game seed: 16518337663247258179

6578 HASTUR3 the Fighter (level 10, 76/86 HPs)
             Began as a Demonspawn Gladiator on June 1, 2019.
             Was an Elder of Makhleb.
             Quit the game on level 9 of the Dungeon.
             The game lasted 00:56:23 (9710 turns).

HASTUR3 the Fighter (Demonspawn Gladiator)          Turns: 9710, Time: 00:56:24

Health: 76/86      AC: 19    Str: 15    XL:     10   Next: 71%
Magic:  16/16      EV:  8    Int:  9    God:    Makhleb [****..]
Gold:   562        SH:  0    Dex: 22    Spells: 10/13 levels left

rFire    . . .     SeeInvis .     - Unarmed
rCold    + . .     Gourm    .   (no shield)
rNeg     + . .     Faith    .   l - +6 plate armour "Guiw" {rC+ rN+ Dex+2}
rPois    .         Spirit   +   b - +0 helmet
rElec    .         Reflect  .   (no cloak)
rCorr    .         Harm     .   (no gloves)
MR       .....                  (no boots)
Stlth    ..........             (no amulet)
HPRegen  0.24/turn              r - ring of stealth
MPRegen  0.30/turn              j - +2 ring of dexterity

@: mildly poisoned (76 -> 71), studying Fighting
A: magic shield, magic regeneration, rot immunity, sanguine armour 1
a: Minor Destruction, Lesser Servant of Makhleb, Major Destruction, Renounce
Religion


You were on level 9 of the Dungeon.
You worshipped Makhleb.
Makhleb was greatly pleased with you.
You were not hungry.

You visited 1 branch of the dungeon, and saw 9 of its levels.
You also visited: Sewer.

You collected 562 gold pieces.

Inventory:

Missiles
 c - 4 throwing nets (quivered)
Armour
 b - a +0 helmet (worn)
 l - the +6 plate armour "Guiw" (worn) {rC+ rN+ Dex+2}
   (You took it off an orc on level 8 of the Dungeon)

   It affects your dexterity (+2).
   It protects you from cold.
   It protects you from negative energy.
 x - a +3 ring mail of poison resistance
 F - a +2 plate armour of fire resistance
Jewellery
 a - an uncursed ring of protection from cold
 j - a +2 ring of dexterity (right hand)
 k - an uncursed ring of fire
 r - a ring of stealth (left hand)
Wands
 f - a wand of polymorph (9)
 n - a wand of paralysis (19)
 q - a wand of acid (4)
 E - a wand of flame (15)
 I - a wand of random effects (12)
Scrolls
 e - 4 scrolls of remove curse
 g - a scroll of random uselessness {unknown}
 h - 3 scrolls of enchant weapon
 i - a scroll of magic mapping
 m - 3 scrolls of fog
 o - 7 scrolls of identify
 s - a scroll of amnesia
 t - a scroll of enchant armour {unknown}
 v - a scroll of teleportation
 w - 2 scrolls of fear {unknown}
Potions
 p - a potion of flight
Books
 y - a manual of Fighting
Miscellaneous
 u - a lamp of fire
Comestibles
 d - 26 rations
 z - 6 chunks of flesh


   Skills:
 - Level 10.8 Fighting
 - Level 1.8 Throwing
 - Level 4.1 Armour
 - Level 6.6 Dodging
 + Level 7.6 Unarmed Combat
 - Level 2.0 Spellcasting
 - Level 3.1 Charms
 - Level 3.0 Ice Magic
 + Level 8.9 Invocations


You had 10 spell levels left.
You knew the following spells:

 Your Spells              Type           Power        Failure   Level  Hunger
a - Ozocubu's Armour      Chrm/Ice       #.......     100%        3    ####...

Your spell library contained the following spells:

 Spells                   Type           Power        Failure   Level  Hunger
 Freeze                   Ice            #...         100%        1    ##.....
 Sandblast                Erth           #.....       100%        1    ##.....
 Summon Butterflies       Summ           #.......     100%        1    ##.....
 Passwall                 Tmut/Erth      #.......     100%        2    ###....
 Throw Frost              Conj/Ice       #.....       100%        2    ###....
 Call Canine Familiar     Summ           #.......     100%        3    ####...
 Stone Arrow              Conj/Erth      #.....       100%        3    ####...
 Petrify                  Tmut/Erth      #.......     100%        4    #####..
 Summon Ice Beast         Ice/Summ       #.......     100%        4    #####..
 Throw Icicle             Conj/Ice       #.......     100%        4    #####..
 Lee's Rapid Deconstruct  Erth           #.........   100%        5    ######.
 Summon Mana Viper        Hex/Summ       #.......     100%        5    ######.
 Summon Hydra             Summ           #.........   100%        7    #######


Dungeon Overview and Level Annotations

Branches:
Dungeon (9/15)             Temple (0/1) D:5             Orc (0/2) D:9
   Lair: D:8-11

Altars:
Cheibriados
Dithmenos
Elyvilon
Fedhas
Gozag
Hepliaklqana
Kikubaaqudgha
Makhleb
Nemelex Xobeh
Sif Muna
Trog
Uskayaw
Vehumet
Zin

Shops:
D:2 *


Innate Abilities, Weirdness & Mutations

When hurt, damage is shared between your health and your magic reserves.
You regenerate magic rapidly.
You are immune to rotting.
When seriously injured, your bleeding wounds create armour. (AC +0)


Message History

You kill the orc!
Makhleb accepts your kill.
You feel sick.
You feel sick.
Items here: ( )) [[ †† You feel sick.
You see here a pair of gloves.
You feel sick.
Items here: ( )) [[ †† Butcher an orc corpse? [(y)es/(n)o/(a)ll/(q)uit/?]
You butcher the orc corpse.
You feel sick.
You butcher the orc corpse.
You feel sick.
z - 2 chunks of flesh;
z - 6 chunks of flesh (gained 4)
Items here: ( )) [[ ÷÷ You feel sick.
You feel sick.
You see here a pair of gloves.
Quiver which item? (- for none, * to show all) (? for menu, Esc to quit)
Okay, then.
Are you sure you want to abandon this character and quit the game? (Confirm with "yes".)

##.###.##.......##.#####..#
#####...##.#.........#...#....#
...........'.........'...#.[..#
#####...##.#.........#.#....#.#
##.##...#.......##.##..##.#
###.....#.....###.##.###.#
#.......#...## #........#
##.....###+########.#####
#....## #@)........# #.#.##
#(#######..# ........# #..#
#...##... ...# #. ..... .#.##
##....o .#.# .$...... ..#
#.##.... ### #. .....


There were no monsters in sight!

Vanquished Creatures
  A two-headed ogre (D:8)
  A hippogriff (D:7)
  A wyvern (D:9)
  Sigmund (D:6)
  A human (D:8)
  4 hogs (D:8)
  6 orc warriors
  A sky beast (D:7)
  A necrophage (D:6)
  2 ogres
  A black bear (D:7)
  An ice beast (D:8)
  2 centaurs
  A big kobold (D:9)
  5 bullfrogs
  4 scorpions
  A water moccasin skeleton (D:7)
  4 killer bees (D:7)
  3 howler monkeys
  6 crimson imps
  3 jellies
  5 orc priests
  4 hounds
  6 bullfrog skeletons
  3 centaur skeletons
  5 orc wizards
  Jessica (D:2)
  5 worker ants
  Natasha (thrice) (D:2)
  Robin (D:4)
  9 adders
  50 gnolls
  2 shadow imps
  2 oozes
  2 adder skeletons
  An adder zombie (D:7)
  A worm (D:7)
  4 dart slugs
  7 leopard geckos
  42 orcs
  2 ball pythons (Sewer)
  6 bats
  8 giant cockroaches
  16 goblins
  15 hobgoblins
  28 jackals
  8 kobolds
  4 quokkas
  11 frilled lizards
  A jackal skeleton (D:4)
  2 quokka skeletons
  10 rats
314 creatures vanquished.

Vanquished Creatures (collateral kills)
  2 wargs (D:9)
  3 orc warriors (D:9)
  3 orcs (D:9)
8 creatures vanquished.

Grand Total: 322 creatures vanquished

Notes
Turn   | Place    | Note
-------+----------+-------------------------------------------
     0 | D:1      | HASTUR3 the Demonspawn Gladiator began the quest for the
                  | Orb.
     0 | D:1      | Reached XP level 1. HP: 16/16 MP: 1/1
    77 | D:1      | Gained mutation: When seriously injured, your bleeding
                  | wounds create armour. (AC +0) [demonic ancestry]
    77 | D:1      | Reached XP level 2. HP: 19/22 MP: 2/2
   400 | D:1      | Reached XP level 3. HP: 26/27 MP: 3/3
   830 | D:2      | Noticed Jessica
   897 | D:2      | Killed Jessica
   897 | D:2      | Reached XP level 4. HP: 26/33 MP: 4/4
   906 | D:2      | Found a bloodstained altar of Trog.
   913 | D:2      | Noticed Natasha
   929 | D:2      | Killed Natasha
   948 | D:2      | Noticed Natasha
   959 | D:2      | Killed Natasha
   966 | D:2      | Noticed Natasha
   978 | D:2      | Killed Natasha
   978 | D:2      | Reached skill level 5 in Unarmed Combat
   978 | D:2      | Gained mutation: When hurt, damage is shared between your
                  | health and your magic reserves. [demonic ancestry]
   978 | D:2      | Reached XP level 5. HP: 9/38 MP: 5/5
  1308 | D:2      | Found Zin's Purification Station.
  1312 | D:2      | Found a glowing silver altar of Zin.
  1708 | D:3      | Found a sparkling altar of Nemelex Xobeh.
  1829 | D:3      | Found an opulent altar of Gozag.
  2046 | D:4      | Found a hide-covered altar of Uskayaw.
  2047 | D:4      | Reached skill level 1 in Spellcasting
  2048 | D:4      | Noticed a +0 hand axe
  2048 | D:4      | Noticed a +0 dagger
  2095 | D:4      | Noticed Robin
  2123 | D:4      | Killed Robin
  2173 | D:4      | Reached skill level 3 in Fighting
  2173 | D:4      | Reached XP level 6. HP: 33/47 MP: 6/8
  2409 | D:4      | Found a burning altar of Makhleb.
  2419 | D:4      | Became a worshipper of Makhleb the Destroyer
  2610 | D:4      | Reached skill level 1 in Invocations
  2857 | D:4      | Reached * piety under Makhleb
  3026 | D:5      | Entered Level 5 of the Dungeon
  3026 | D:5      | Found a staircase to the Ecumenical Temple.
  3196 | D:5      | Reached XP level 7. HP: 50/52 MP: 7/10
  3436 | D:5      | Found a blossoming altar of Fedhas.
  3533 | D:5      | Reached skill level 5 in Invocations
  3593 | D:5      | Reached skill level 4 in Fighting
  3593 | D:5      | Gained mutation: You are immune to rotting. [demonic
                  | ancestry]
  3593 | D:5      | Reached XP level 8. HP: 12/60 MP: 1/11
  3889 | D:5      | Reached ** piety under Makhleb
  4158 | D:4      | Reached skill level 5 in Dodging
  4230 | D:5      | Reached skill level 5 in Fighting
  4503 | D:5      | Found a deep blue altar of Sif Muna.
  4582 | D:5      | Reached skill level 6 in Fighting
  4808 | D:5      | Reached *** piety under Makhleb
  5156 | D:6      | Noticed Sigmund
  5398 | D:6      | Killed Sigmund
  5398 | D:6      | Reached skill level 7 in Fighting
  5420 | D:6      | Learned a level 3 spell: Ozocubu's Armour
  5422 | D:6      | Found a radiant altar of Vehumet.
  5529 | D:6      | Found a glowing drain.
  5538 | Sewer    | Entered a sewer
  5861 | Sewer    | Reached XP level 9. HP: 67/72 MP: 12/14
  5999 | D:6      | Found a hazy altar of Hepliaklqana.
  6054 | D:6      | Reached skill level 1 in Charms
  6054 | D:6      | Reached skill level 1 in Ice Magic
  6098 | D:6      | Reached **** piety under Makhleb
  6497 | D:7      | Reached skill level 8 in Fighting
  6810 | D:7      | Found an ancient bone altar of Kikubaaqudgha.
  6900 | D:7      | Found a snail-covered altar of Cheibriados.
  7135 | D:7      | Reached skill level 9 in Fighting
  7161 | D:7      | Found a shadowy altar of Dithmenos.
  7276 | D:7      | Found a sparkling altar of Nemelex Xobeh.
  7322 | D:7      | Found a white marble altar of Elyvilon.
  7568 | D:8      | Gained mutation: You regenerate magic rapidly. [demonic
                  | ancestry]
  7568 | D:8      | Reached XP level 10. HP: 26/83 MP: 4/15
  7854 | D:8      | Noticed a two-headed ogre
  7879 | D:8      | Killed a two-headed ogre
  8116 | D:8      | Identified the +6 plate armour "Guiw" {rC+ rN+ Dex+2}
  8177 | D:8      | Found a white marble altar of Elyvilon.
  8331 | D:8      | Reached skill level 1 in Armour
  8334 | D:8      | Reached skill level 10 in Fighting
  8356 | D:8      | Reached ***** piety under Makhleb
  9242 | D:9      | Found a staircase to the Orcish Mines.
  9265 | D:9      | HP: 4/86 [warg (3)]
  9710 | D:9      | Quit the game

Skill      XL: |  1  2  3  4  5  6  7  8  9 10 |
---------------+-------------------------------+-----
Unarmed Combat | 3 4 5 6 7 |  7.6
Spellcasting   | 1 2 |  2.0
Fighting       | 3 4 7 9 10 | 10.8
Dodging        | 4 5 6 |  6.6
Invocations    | 4 5 6 7 8 |  8.9
Charms         | 3 |  3.1
Ice Magic      | 3 |  3.0
Armour         | 4 |  4.1
Throwing       | |  1.8

Action                   |  1- 3 |  4- 6 |  7- 9 | 10-12 || total
-------------------------+-------+-------+-------+-------++-------
Melee: Unarmed           |   134 |   400 |  1056 |   221 ||  1811
       Punch             |     2 |     9 |    32 |     7 ||    50
Invok: Minor Destruction |       |       |     3 |       ||     3
       Major Destruction |       |       |     3 |     1 ||     4
       Lesser Servant of |       |       |       |     2 ||     2
       Greater Servant o |       |       |       |     1 ||     1
  Use: Scroll            |       |       |     9 |     1 ||    10
       Potion            |       |       |    11 |     2 ||    13
 Stab: Sleeping          |     2 |     1 |     1 |       ||     4
       Distracted        |       |       |       |     1 ||     1
  Eat: Chunk             |       |     8 |    16 |     7 ||    31
Armor: Leather armour    |    28 |    60 |       |       ||    88
       Ring mail         |       |    16 |   300 |     7 ||   323
       Plate armour      |       |       |       |   106 ||   106
Dodge: Dodged            |    83 |   225 |   613 |    61 ||   982
